 Dungeon Crawl Stone Soup version 0.27-a0-1200-g94dc6ad4cf (webtiles) character file.

Game seed: 9608833267313726678

124 Glokmah the Skirmisher (level 4, -9/39 HPs)
             Began as a Demonspawn Wanderer on May 30, 2021.
             Was a Follower of Fedhas.
             Mangled by a gnoll
             ... wielding a +0 flail
              (12 damage)
             ... on level 2 of the Dungeon.
             The game lasted 00:07:24 (3941 turns).

Glokmah the Skirmisher (Demonspawn Wanderer)        Turns: 3941, Time: 00:07:25

Health: -9/39      AC:  5    Str: 11    XL:     4   Next: 81%
Magic:  5/5        EV: 11    Int: 13    God:    Fedhas [*.....]
Gold:   79         SH:  0    Dex: 21    Spells: 4/4 levels left

rFire    . . .     SeeInvis .   a - +0 dagger
rCold    . . .     Faith    .   (no shield)
rNeg     . . .     Spirit   .   c - +2 leather armour
rPois    .         Reflect  .   (no helmet)
rElec    .         Harm     .   d - scarf {repulsion}
rCorr    .         Rampage  .   (no gloves)
Will     .....                  (no boots)
Stlth    ++........             (no amulet)
HPRegen  0.13/turn              g - +6 ring of dexterity
MPRegen  0.09/turn              (no ring)

@: repel missiles
A: demonic magic 1
a: Renounce Religion


You were on level 2 of the Dungeon.
You worshipped Fedhas.
Fedhas was aware of your devotion.
You visited 1 branch of the dungeon, and saw 3 of its levels.

You collected 79 gold pieces.

Inventory:

Hand Weapons
 a - a +0 dagger (weapon)
Missiles
 b - 24 stones (quivered)
Armour
 c - a +2 leather armour (worn)
 d - a scarf of repulsion (worn)
Jewellery
 g - a +6 ring of dexterity (left hand)
Scrolls
 h - a scroll of fear


   Skills:
 + Level 5.5 Fighting
 * Level 2.0 Short Blades
 - Level 1.0 Throwing
 - Level 1.0 Dodging
 * Level 1.3 Stealth
 - Level 1.8 Unarmed Combat
 - Level 0.6 Spellcasting
 * Level 2.6 Invocations
 - Level 1.0 Evocations


You had 4 spell levels left.
You didn't know any spells.
Your spell library was empty.

Dungeon Overview and Level Annotations

Branches:
Dungeon (3/15)

Altars:
Elyvilon
Fedhas

Annotations:
D:2 Natasha


Innate Abilities, Weirdness & Mutations

Spells you cast may paralyse adjacent enemies.


Message History

A gnoll comes into view. It is wielding a +0 flail.
The gnoll shouts!
You hear a shout! x2
A gnoll comes into view. It is wielding a +0 spear.
Found a robe.
The gnoll shouts!
There is a stone staircase leading up here.
The gnoll hits you with a +0 flail.
You climb upwards.
Level annotation: Natasha
There is a stone staircase leading down here.
You hit the gnoll but do no damage. The gnoll hits you with a +0 flail!
You closely miss the gnoll. The gnoll barely misses you.
You hit the gnoll but do no damage. The gnoll hits you with a +0 flail!
* * * LOW HITPOINT WARNING * * *
You barely miss the gnoll. The gnoll hits you but does no damage.
You hit the gnoll.
The gnoll is moderately wounded.
The gnoll hits you with a +0 flail.
* * * LOW HITPOINT WARNING * * *
You feel much better. The gnoll misses you.
You hit the gnoll.
The gnoll is moderately wounded.
The gnoll hits you with a +0 flail.
You hit the gnoll.
The gnoll is heavily wounded.
The gnoll hits you with a +0 flail.
You hit the gnoll.
The gnoll is heavily wounded.
You hit the gnoll but do no damage.
The gnoll is heavily wounded.
The gnoll hits you with a +0 flail.
You hit the gnoll.
The gnoll is severely wounded.
The gnoll hits you with a +0 flail!
* * * LOW HITPOINT WARNING * * *
You closely miss the gnoll.
The gnoll is severely wounded.
The gnoll hits you with a +0 flail!
You die...
Fedhas appreciates your contribution to the ecosystem.

# #..# ##..####.# #
####..#########........#
#
#..............h..######
####.##..##########..#
.....##..# #..#
#######..# #..# # #..#
######..# #######..#
##.......#
.........####..#@.#.##
#######.......###g..# #
#######..#..### ######
##...##
.....##########.##
####...†........#
##############


You could see a gnoll.

Vanquished Creatures
  Natasha (twice) (D:2)
  4 adders
  2 ball pythons
  An endoplasm (D:2)
  A giant cockroach (D:2)
  4 hobgoblins
  4 jackals (D:1)
  3 quokkas
  5 bats
  A frilled lizard (D:2)
  4 goblins
  5 kobolds
  4 rats
40 creatures vanquished.

Vanquished Creatures (others)
  3 plants
  4 withered plants (D:1)
7 creatures vanquished.

Grand Total: 47 creatures vanquished

Notes
Turn   | Place    | Note
-------+----------+-------------------------------------------
     0 | D:1      | Glokmah the Demonspawn Wanderer began the quest for the
                  | Orb.
     0 | D:1      | Glokmah set off with the following items: a +0 dagger, 2
                  | potions of lignification, a +2 leather armour
     0 | D:1      | Reached XP level 1. HP: 21/21 MP: 1/1
   193 | D:1      | Found a faded altar of an unknown god.
   232 | D:1      | Became a worshipper of Fedhas Madash
   232 | D:1      | Reached * piety under Fedhas
   295 | D:1      | Gained mutation: Spells you cast may paralyse adjacent
                  | enemies. [demonic ancestry]
   295 | D:1      | Reached XP level 2. HP: 24/27 MP: 2/2
  1183 | D:1      | Reached skill level 1 in Short Blades
  1183 | D:1      | Reached skill level 1 in Invocations
  1183 | D:1      | Reached XP level 3. HP: 18/33 MP: 3/3
  1965 | D:2      | Noticed Natasha
  2008 | D:2      | Killed Natasha
  2009 | D:2      | Reached XP level 4. HP: 12/39 MP: 5/5
  2255 | D:2      | Reached ** piety under Fedhas
  2507 | D:2      | Noticed Natasha
  2566 | D:2      | Killed Natasha
  2567 | D:2      | Reached skill level 1 in Stealth
  3420 | D:2      | Noticed Natasha
  3458 | D:3      | Noticed a water moccasin
  3941 | D:2      | Mangled by a gnoll

Illustrated notes

Levels and vault maps discovered:
D:1:      ncdulo_watergridlock, layout_basic,
          shapermc_ecumenical_altar_flowoftime
D:2:      layout_loops_ring, uniq_natasha
D:3:      minmay_general_purpose_star, layout_basic, lemuel_crystal_altar,
          gammafunk_ghost_mausoleum, serial_bayou_pond_c

Skill      XL: |  1  2  3  4 |
---------------+-------------+-----
Short Blades   | 1 2 |  2.0
Invocations    | 1 2 |  2.6
Stealth        | 1 |  1.3
Fighting       | |  5.5
Throwing       | |  1.0
Dodging        | |  1.0
Unarmed Combat | |  1.8
Spellcasting   | |  0.6
Evocations     | |  1.0

Action                   |  1- 3 |  4- 6 || total
-------------------------+-------+-------++-------
Melee: Dagger            |   282 |   159 ||   441
       Punch             |     1 |     1 ||     2
Invok: Wall of Briars    |       |     2 ||     2
  Use: Potion            |     3 |     4 ||     7
       Scroll            |     1 |     2 ||     3
 Stab: Invisible         |     1 |       ||     1
       Sleeping          |     1 |       ||     1
Armor: Leather armour    |    92 |    26 ||   118
       Skin              |    15 |    79 ||    94
Dodge: Dodged            |   156 |    80 ||   236

Table legend: (Time is in decaauts)
 A = Elapsed time spent in this place.
 B = Non-inter-level travel time spent in this place.
 C = Inter-level travel time spent in this place.
 D = Time resting spent in this place.
 E = Time spent auto-exploring this place.
 F = Levels seen in this place.
 G = Mean time per level.
                   A        B        C        D        E       F      G
               +--------+--------+--------+--------+--------+-----+--------+
         Total |   3956 |   3665 |    291 |   1542 |   1198 |   3 | 1318.7 |
       Dungeon |   3956 |   3665 |    291 |   1542 |   1198 |   3 | 1318.7 |
               +--------+--------+--------+--------+--------+-----+--------+

Top non-repeatable levels by time:
     D:1: 2014 daAuts
     D:2: 1869 daAuts
     D:3: 71 daAuts
